 Dungeon Crawl Stone Soup version 0.20-a0-631-g6870b83 (webtiles) character file.

7127 Laan the Grappler (level 10, 0/159 HPs)
             Began as a Troll Berserker on Feb 11, 2017.
             Was a High Priest of Trog.
             Slain by a sky beast (3 damage)
             ... on level 8 of the Dungeon.
             The game lasted 00:18:45 (5293 turns).

Laan the Grappler (Troll Berserker)                 Turns: 5293, Time: 00:18:45

Health: 0/159      AC:  8    Str: 35    XL:     10   Next: 85%
Magic:  0/18       EV:  7    Int:  3    God:    Trog [*****.]
Gold:   330        SH:  8    Dex:  9    Spells: 9/9 levels left

rFire    . . .     SeeInvis .     - Unarmed
rCold    . . .     Gourm    +   O - +2 robe {MR+}
rNeg     . . .     Faith    .   I - +0 shield
rPois    .         Spirit   +   (helmet restricted)
rElec    .         Reflect  .   u - +0 cloak
rCorr    .         Harm     .   (gloves unavailable)
MR       +....                  (boots unavailable)
Stlth    ..........             j - amulet of guardian spirit
Regen    0.8/turn               (no ring)
                                i - ring of magical power

@: berserking (expiring), very quick
A: unfitting armour, claws 3, fast metabolism 3, gourmand, regeneration 1,
shaggy fur 1, tough skin 2
a: Berserk, Trog's Hand, Brothers in Arms, Burn Spellbooks, Renounce Religion


You were on level 8 of the Dungeon.
You worshipped Trog.
Trog was extremely pleased with you.
You were full.

You visited 1 branch of the dungeon, and saw 8 of its levels.
You also visited: Sewer.

You collected 330 gold pieces.

Inventory:

Missiles
 c - 5 javelins
 z - 5 large rocks (quivered)
 H - 4 poisoned javelins
Armour
 u - a +0 cloak (worn)
 w - a +0 robe of positive energy
 I - a +0 shield (worn)
 O - a +2 robe of magic resistance (worn)
Jewellery
 i - a ring of magical power (left claw)
 j - an amulet of guardian spirit (around neck)
Wands
 m - a wand of flame (26/48)
 C - a wand of confusion (17/48)
 G - a wand of iceblast (8/15)
 J - a wand of polymorph (6/24)
 P - a wand of flame (28/48)
Scrolls
 a - 3 scrolls of remove curse
 n - 5 scrolls of magic mapping {unknown}
 o - 4 scrolls of identify
 r - 3 scrolls of enchant armour {unknown}
 t - 3 scrolls of teleportation {unknown}
 x - a scroll of recharging {unknown}
 y - 3 scrolls of fog {unknown}
 E - a scroll of vulnerability {unknown}
 F - a scroll of enchant weapon {unknown}
 K - a scroll of blinking {unknown}
 L - a scroll of fear
Potions
 d - a potion of might {unknown}
 e - 6 potions of curing {unknown}
 f - a potion of heal wounds {unknown}
 h - 3 potions of berserk rage {unknown}
 k - 3 potions of lignification {unknown}
 p - 2 potions of flight {unknown}
 q - a potion of agility {unknown}
 s - a potion of ambrosia {unknown}
 v - a potion of mutation {unknown}
 A - 2 potions of degeneration {unknown}
 D - 2 potions of cancellation {unknown}
 N - a potion of resistance {unknown}
Comestibles
 b - 4 bread rations
 g - 3 royal jellies
 l - 4 meat rations
 B - 5 fruits


   Skills:
 + Level 8.4 Fighting
 - Level 2.4 Dodging
 * Level 13.6 Unarmed Combat


You had 9 spell levels left.
You didn't know any spells.

Dungeon Overview and Level Annotations

Branches:
Dungeon (8/15)             Temple (0/1) D:6
   Lair: D:8-11

Altars:
Ashenzari
Elyvilon
Hepliaklqana
Nemelex Xobeh
Vehumet
Yredelemnul

Shops:
D:4 =

Annotations:
D:7 exclusion: statue


Innate Abilities, Weirdness & Mutations

You are too large for most types of armour.
You have claws for hands.
Your metabolism is lightning-fast.
You like to eat raw meat.
Your natural rate of healing is unusually fast.
You are covered in fur. (AC +1)
You have very tough skin. (AC +2)


Message History

Your shield prevents you from hitting something.
Something hits you but does no damage. Something hits you.
* * * LOW HITPOINT WARNING * * *
Something shocks you.
* * * LOW HITPOINT WARNING * * *
You closely miss something. Something hits you.
* * * LOW HITPOINT WARNING * * *
You claw something! Trog accepts your kill.
Trog appreciates your killing of a magic user.
Reactivating autopickup.
You feel a bit more experienced. Something hits you.
* * * LOW HITPOINT WARNING * * *
Something shocks you.
* * * LOW HITPOINT WARNING * * *
Deactivating autopickup; reactivate with Ctrl-A.
You mangle something!!
Your shield prevents you from hitting something.
Something hits you.
You die...

#....... ######'#####
##...##.....#
#...........#
#...........#
#............
#............
.###############.####...#
.......)@(..####.### ####
..#....{#..........#
#....)'..........# #
#.....#..........# #
........##########+####+#
........# ##...##...#
..#.#.... #..........
......... #.........#
.#.#.... #.........#


There were no monsters in sight!

Vanquished Creatures
  Erica (D:8)
  A two-headed ogre (D:6)
  A death yak (D:8)
  The ghost of endorz the Grappler, a novice TrMo of Okawaru (D:8)
  Joseph (D:7)
  Psyche (D:8)
  Grinder (D:5)
  2 water moccasins (D:8)
  Purgy (Sewer)
  A sky beast (D:5)
  4 ice beasts
  2 orc warriors (D:8)
  A black bear (D:8)
  6 ogres
  4 centaurs
  2 big kobolds
  3 bullfrogs
  A gnoll sergeant (D:8)
  A scorpion (D:5)
  2 howler monkeys
  6 crimson imps
  A bullfrog zombie (D:7)
  A quasit (D:5)
  4 hounds
  4 orc priests
  Crazy Yiuf (D:3)
  A centaur skeleton (D:6)
  A gnoll shaman (D:7)
  Ijyb (D:3)
  An iguana (D:6)
  Natasha (thrice) (D:3)
  9 orc wizards
  5 worker ants
  A killer bee zombie (D:8)
  A hound skeleton (D:5)
  A worker ant zombie (D:8)
  14 adders
  8 gnolls
  A hound simulacrum (D:8)
  3 white imps (D:8)
  An ufetubus (D:8)
  An ooze (D:2)
  2 adder skeletons (D:4)
  3 worms
  3 dart slugs
  13 leopard geckos
  37 orcs
  A ball python (D:2)
  7 giant cockroaches
  3 goblins
  5 hobgoblins
  6 jackals
  3 quokkas
  11 bats
  7 frilled lizards
  17 kobolds
  A leopard gecko skeleton (D:4)
  A leopard gecko zombie (D:8)
  5 rats
231 creatures vanquished.

Vanquished Creatures (others)
  A bat (D:3)
1 creature vanquished.

Grand Total: 232 creatures vanquished

Notes
Turn   | Place    | Note
-------+----------+-------------------------------------------
     0 | D:1      | Laan the Troll Berserker began the quest for the Orb.
     0 | D:1      | Reached XP level 1. HP: 22/22 MP: 0/0
   135 | D:1      | Reached XP level 2. HP: 29/29 MP: 1/1
   481 | D:2      | Reached skill level 4 in Unarmed Combat
   510 | D:2      | Reached ** piety under Trog
   514 | D:2      | Reached XP level 3. HP: 35/36 MP: 2/2
   888 | D:3      | Noticed Ijyb
   894 | D:3      | Killed Ijyb
   894 | D:3      | Reached XP level 4. HP: 45/45 MP: 3/3
   911 | D:3      | Noticed Natasha
   917 | D:3      | Killed Natasha
   955 | D:3      | Noticed Natasha
   966 | D:3      | Killed Natasha
   966 | D:3      | Reached skill level 5 in Unarmed Combat
  1034 | D:3      | Reached XP level 5. HP: 51/53 MP: 4/4
  1058 | D:3      | Found a runed door.
  1113 | D:3      | Noticed Natasha
  1122 | D:3      | Killed Natasha
  1349 | D:3      | Found a white marble altar of Elyvilon.
  1553 | D:3      | Reached *** piety under Trog
  1840 | D:3      | Noticed Crazy Yiuf
  1844 | D:3      | Killed Crazy Yiuf
  1844 | D:3      | Reached XP level 6. HP: 61/61 MP: 5/5
  1909 | D:4      | Reached skill level 6 in Unarmed Combat
  2196 | D:4      | Found a shattered altar of Ashenzari.
  2603 | D:4      | Found Qotan's Jewellery Boutique.
  2643 | D:5      | Entered Level 5 of the Dungeon
  2647 | D:5      | Reached XP level 7. HP: 70/70 MP: 6/6
  2652 | D:5      | Reached skill level 7 in Unarmed Combat
  2762 | D:5      | Reached **** piety under Trog
  2788 | D:5      | Found a glowing drain.
  2805 | Sewer    | Entered a sewer
  2910 | Sewer    | Noticed Purgy
  2916 | Sewer    | Killed Purgy
  2916 | Sewer    | Reached skill level 8 in Unarmed Combat
  2993 | D:5      | Noticed Grinder
  2997 | D:5      | Killed Grinder
  2997 | D:5      | Reached skill level 5 in Fighting
  2997 | D:5      | Reached XP level 8. HP: 80/80 MP: 7/7
  3010 | D:5      | Received a gift from Trog
  3010 | D:5      | Reached skill level 9 in Unarmed Combat
  3544 | D:6      | Noticed a two-headed ogre
  3550 | D:6      | Reached skill level 10 in Unarmed Combat
  3556 | D:6      | Killed a two-headed ogre
  3556 | D:6      | Reached XP level 9. HP: 56/91 MP: 7/8
  3726 | D:6      | Received a gift from Trog
  3726 | D:6      | Reached skill level 11 in Unarmed Combat
  3851 | D:6      | Found a basalt altar of Yredelemnul.
  3853 | D:6      | Found a sparkling altar of Nemelex Xobeh.
  3900 | D:6      | Found a staircase to the Ecumenical Temple.
  4157 | D:6      | Found a hazy altar of Hepliaklqana.
  4265 | D:7      | Reached ***** piety under Trog
  4489 | D:7      | Found a radiant altar of Vehumet.
  4532 | D:7      | Noticed Joseph
  4543 | D:7      | Killed Joseph
  4543 | D:7      | Reached skill level 12 in Unarmed Combat
  4655 | D:8      | Reached XP level 10. HP: 97/102 MP: 9/9
  4696 | D:8      | Found a white marble altar of Elyvilon.
  4722 | D:8      | Noticed endorz's ghost (novice TrMo)
  4730 | D:8      | Killed endorz's ghost
  4774 | D:8      | Noticed Erica
  4784 | D:8      | Killed Erica
  4941 | D:8      | Noticed Psyche
  4942 | D:8      | Paralysed by Psyche for 7 turns
  5067 | D:8      | Reached skill level 13 in Unarmed Combat
  5187 | D:8      | Killed Psyche
  5187 | D:8      | Received a gift from Trog
  5264 | D:8      | Noticed a death yak
  5284 | D:8      | Killed a death yak
  5291 | D:8      | HP: 6/159 [something (2)]
  5291 | D:8      | HP: 2/159 [something (4)]
  5293 | D:8      | Slain by a sky beast

Vault maps used:
D:1:      minmay_arrival_cross, minmay_misc_feat_doors
D:2:      first_bread, minmay_surrounded
D:3:      st_stairs_5, eino_curves_02, elyvilon_altar_4, uniq_iyjb,
          uniq_crazy_yiuf_cottage, uniq_natasha
D:4:      old_standard_altar, serial_shops, shop, minivault_11
D:5:      gup_sewer_entry_pipe, uniq_grinder
D:6:      hangedman_cross_stitches, kennysheep_little_box,
          grunt_temple_overflow_open, minmay_temple_entry_hall
D:7:      vehumet_statue, uniq_joseph
D:8:      serial_ice, serial_ice_l, serial_ice_c, serial_ice_a, serial_ice_b,
          basic_altar, uniq_psyche, uniq_erica, uniq_pikel
Sewer:    kennysheep_door_sewer

Skill      XL: |  1  2  3  4  5  6  7  8  9 10 |
---------------+-------------------------------+-----
Unarmed Combat | 4 5 6 8 10 12 13 | 13.6
Fighting       | 3 4 5 6 7 8 |  8.4
Dodging        | |  2.4

Action                   |  1- 3 |  4- 6 |  7- 9 | 10-12 || total
-------------------------+-------+-------+-------+-------++-------
Melee: Unarmed           |   106 |   135 |   226 |   125 ||   592
       Punch             |       |     6 |     8 |       ||    14
Invok: Berserk           |     1 |     5 |     4 |     4 ||    14
  Use: Scroll            |     4 |       |     1 |       ||     5
 Stab: Sleeping          |       |       |     1 |       ||     1
  Eat: Chunk             |    11 |    22 |    24 |     8 ||    65
Armor: Animal skin       |    48 |    16 |       |       ||    64
       Robe              |       |    25 |    91 |    51 ||   167
Dodge: Dodged            |    44 |    57 |    87 |    34 ||   222
Block: Shield            |       |       |    26 |    46 ||    72
